 Dungeon Crawl Stone Soup version 0.31-a0-460-g9e667d4245 (webtiles) character file.

Game seed: 15859251553582793689

7665 rabbitsville the Thaumaturge (level 11, -2/85 HPs)
             Began as a Djinni Conjurer on July 14, 2023.
             Was a Believer of Dithmenos.
             Slain by a komodo dragon (12 damage)
             ... on level 1 of the Lair of Beasts on Aug 4, 2023.
             The game lasted 00:27:55 (12027 turns).

rabbitsville the Thaumaturge (Djinni Conjurer)     Turns: 12027, Time: 00:27:55

Health: -2/85      AC: 10    Str:  6    XL:     11   Next: 41%
Gold:   648        EV: 11    Int: 24    God:    Dithmenos [**....] SH:  0 Dex: 15

rFire   + + +        x - +4 sling of Offence {antimagic, rN+ Dex+3 Stlth+}
rCold   x . .        (no shield)
rNeg    + . .        G - +2 leather armour {rF+}
rPois   ∞            z - +2 helmet
rElec   .            c - +0 cloak
rCorr   .            K - +0 pair of gloves
SInv    .            (boots unavailable)
Will    +....        (no amulet)
Stlth   +++          (no ring)
HPRegen 0.34/turn    (no ring)
MPRegen 0.00/turn

%: infuse magic (-3 HP)
@: flying, wreathed by umbra
A: sickness immunity, fire resistance 2, cold vulnerability 1, float, innate
caster, HP casting, extra vitality 1
a: Renounce Religion, Shadow Step


You were on level 1 of the Lair of Beasts.
You worshipped Dithmenos.
Dithmenos was pleased with you.
You visited 3 branches of the dungeon, and saw 12 of its levels.
You also visited: Sewer.

You collected 648 gold pieces.

Inventory:

Hand Weapons
 m - a +0 war axe
 x - the +4 sling of Offence (weapon) {antimagic, rN+ Dex+3 Stlth+}
   (You found it in a sewer)

   Dex:       It affects your dexterity (+3).
   rN:        It protects you from negative energy.
   Stlth:     It makes you more stealthy.
 E - the +3 falchion of the Maze {spect, Fly rPois Dex+2}
   (You found it on level 7 of the Dungeon)

   Dex:       It affects your dexterity (+2).
   rPois:     It protects you from poison.
   Fly:       It grants you flight.
Missiles
 e - 15 poisoned darts
Armour
 a - a +0 robe
 c - a +0 cloak (worn)
 z - a +2 helmet (worn)
 G - a +2 leather armour of fire resistance (worn)
 K - a +0 pair of gloves (worn)
Wands
 y - a wand of polymorph (22)
 C - a wand of iceblast (24)
 D - a wand of charming (21)
 I - a wand of mindburst (9)
Scrolls
 b - 4 scrolls of fear {unknown}
 h - a scroll of vulnerability {unknown}
 i - 10 scrolls of identify {unknown}
 k - 2 scrolls of enchant armour {unknown}
 l - 4 scrolls of poison {unknown}
 o - 2 scrolls of amnesia {unknown}
 p - 2 scrolls of revelation {unknown}
 q - 2 scrolls of immolation {unknown}
 r - a scroll of noise {unknown}
 s - 5 scrolls of teleportation {unknown}
 u - a scroll of silence {unknown}
 A - a scroll of blinking {unknown}
 H - 2 scrolls of fog {unknown}
 J - 2 scrolls of enchant weapon {unknown}
Potions
 d - 4 potions of curing {unknown}
 f - 5 potions of mutation {unknown}
 g - 3 potions of enlightenment {unknown}
 j - 2 potions of invisibility {unknown}
 n - 2 potions of might {unknown}
 t - 2 potions of magic {unknown}
 v - 4 potions of cancellation {unknown}
 w - 2 potions of heal wounds {unknown}
 B - a potion of attraction {unknown}
 F - a potion of resistance {unknown}
 L - a potion of degeneration {unknown}


   Skills:
 + Level 9.8 Fighting
 - Level 2.1 Dodging
 - Level 1.5 Stealth
 * Level 11.0 Spellcasting
 * Level 11.0 Conjurations
 * Level 11.0 Hexes
 * Level 11.0 Summonings
 * Level 11.0 Necromancy
 * Level 11.0 Translocations
 * Level 11.0 Transmutations
 * Level 11.0 Fire Magic
 * Level 11.0 Ice Magic
 * Level 11.0 Air Magic
 * Level 11.0 Earth Magic
 * Level 11.0 Poison Magic


You knew the following spells:

 Your Spells              Type           Power      Damage    Failure   Level
a - Magic Dart            Conj           100%       1d8       1%          1
b - Searing Ray           Conj           100%       2d8       1%          2
c - Dazzling Flash        Conj/Hex       100%       N/A       1%          3
d - Fulminant Prism       Conj/Hex       30%        3d15      1%          4
e - Iskenderun's Mystic   Conj/Tloc      60%        2d13      1%          4
f - Shock                 Conj/Air       100%       1d9       1%          1
g - Blink                 Tloc           100%       N/A       1%          2
h - Frozen Ramparts       Ice            100%       1d16      1%          3
i - Vhi's Electric Charg  Tloc/Air       100%       N/A       1%          3
j - Alistair's Intoxicat  Tmut/Pois      40%        N/A       2%          5
Your spell library was empty.

Dungeon Overview and Level Annotations

Branches:
Dungeon (10/15)            Temple (1/1) D:4            Lair (1/5) D:8
  Sewer (visited)
    Orc: D:9-12

Altars:
Ashenzari
Cheibriados
Dithmenos
Elyvilon
Fedhas
Gozag
Hepliaklqana
Makhleb
Nemelex Xobeh
Okawaru
Qazlal
Ru
Trog
Uskayaw
Wu Jian
Xom
Yredelemnul
Zin
The Shining One


Innate Abilities, Weirdness & Mutations

You are immune to sickness and miasma.
You are immune to poison.
Your flesh is very heat resistant. (rF++)
You are vulnerable to cold. (rC-)
You float through the air rather than walking.
You learn spells naturally, not from books.
Your magical power is your life essence.
You have superior vitality. (+4 MHP)


Message History

Your Summonings skill increases to level 11!
Your Necromancy skill increases to level 11!
Your Translocations skill increases to level 11!
Your Transmutations skill increases to level 11!
Your Fire Magic skill increases to level 11!
Your Ice Magic skill increases to level 11!
Your Air Magic skill increases to level 11!
Your Earth Magic skill increases to level 11!
Your Poison Magic skill increases to level 11!
You erupt in a blast of force!
The mystic blast hits the komodo dragon.
The komodo dragon is lightly wounded.
The komodo dragon is knocked back by the mystic blast.
You see here a +0 war axe.
Found 14 gold pieces.
You erupt in a blast of force!
The mystic blast hits the komodo dragon!
The komodo dragon is heavily wounded.
The komodo dragon is knocked back by the mystic blast.
You erupt in a blast of force!
The mystic blast hits the komodo dragon!
The komodo dragon is almost dead.
The komodo dragon bites you!!
* * * LOW HITPOINT WARNING * * *
You are too injured to fight recklessly!
Casting: Iskenderun's Mystic Blast (mildly dangerous; 1% risk of failure)
Press: ? - help, Q - select action, (/) - cycle Dir - look around, f - activate You erupt in a blast of force!
The mystic blast hits the komodo dragon.
The komodo dragon is almost dead.
The komodo dragon is knocked back by the mystic blast.
* * * LOW HITPOINT WARNING * * *
Casting: Iskenderun's Mystic Blast (mildly dangerous; 1% risk of failure)
Press: ? - help, Q - select action, (/) - cycle Dir - look around, f - activate You erupt in a blast of force!
The mystic blast hits the komodo dragon but does no damage.
The komodo dragon is almost dead.
* * * LOW HITPOINT WARNING * * *
The komodo dragon bites you!
You die...

. ... #.
##..##.. .###
...>....##.P.#
.............#
..... .......##
.....# #......#
.....P##...#
........)..##
........l@†.#
.........##?#
.............P#
...........#.>#
....#.......###
....##.....##
... #...... ..
....#..#
..##....


You could see a komodo dragon.

Vanquished Creatures
  2 two-headed ogres
  An unseen horror (D:10)
  A rime drake (D:8)
  A polar bear (D:8)
  Grinder (Sewer)
  2 trolls (D:10)
  A hornet (D:7)
  A vampire (D:8)
  3 wyverns
  A wraith (D:9)
  3 yaks (Lair:1)
  A steam dragon (D:9)
  Edmund (D:6)
  2 water moccasins
  2 orc warriors
  3 ice beasts
  A sky beast (D:6)
  2 black bears (D:6)
  3 centaurs
  An ogre (D:5)
  2 wolves (D:8)
  A kobold brigand (D:9)
  3 phantoms
  Blork the orc (D:6)
  5 bullfrogs
  A gnoll sergeant (D:6)
  6 scorpions
  3 wights
  2 howler monkeys
  3 jellies
  2 hounds
  2 orc priests
  A gnoll bouda (D:5)
  2 sleepcaps
  2 iguanas
  3 orc wizards
  7 gnolls
  7 adders
  4 river rats (D:4)
  4 shadow imps
  4 white imps
  4 ufetubi
  An adder zombie (Sewer)
  3 worms
  A dart slug (D:1)
  26 orcs
  7 bats
  5 endoplasms
  3 giant cockroaches
  6 goblins
  7 hobgoblins
  2 quokkas (D:3)
  8 ball pythons
  3 frilled lizards
  22 kobolds
  A kobold zombie (Sewer)
  10 rats
207 creatures vanquished.

Vanquished Creatures (others)
  7 fulminant prisms
7 creatures vanquished.

Grand Total: 214 creatures vanquished

Notes
Turn   | Place    | Note
-------+----------+-------------------------------------------
     0 | D:1      | rabbitsville the Djinni Conjurer began the quest for the
                  | Orb.
     0 | D:1      | rabbitsville set off with the following spells memorised:
                  | Magic Dart, Searing Ray, Dazzling Flash, Fulminant Prism,
                  | Iskenderun's Mystic Blast.
     0 | D:1      | Reached XP level 1. HP: 15/15 MP: 0/0
   120 | D:1      | Reached XP level 2. HP: 10/22 MP: 0/0
   541 | D:1      | Reached skill level 1 in Fighting
   705 | D:1      | Reached XP level 3. HP: 25/27 MP: 0/0
   705 | D:1      | Learned a level 1 spell: Shock
  1738 | D:3      | Reached XP level 4. HP: 26/33 MP: 0/0
  1919 | D:3      | Found a shimmering altar of Xom.
  2088 | D:3      | Noticed a phantom
  2096 | D:3      | Killed a phantom
  2097 | D:3      | Reached XP level 5. HP: 25/39 MP: 0/0
  2097 | D:3      | Learned a level 2 spell: Blink
  2274 | D:3      | Found a faded altar of an unknown god.
  2430 | D:4      | Found a staircase to the Ecumenical Temple.
  2438 | D:4      | Reached XP level 6. HP: 34/45 MP: 0/0
  2454 | Temple   | Entered the Ecumenical Temple
  2540 | D:4      | Reached skill level 5 in Spellcasting
  2540 | D:4      | Reached skill level 5 in Conjurations
  2540 | D:4      | Reached skill level 5 in Hexes
  2540 | D:4      | Reached skill level 5 in Summonings
  2540 | D:4      | Reached skill level 5 in Necromancy
  2540 | D:4      | Reached skill level 5 in Translocations
  2540 | D:4      | Reached skill level 5 in Transmutations
  2540 | D:4      | Reached skill level 5 in Fire Magic
  2540 | D:4      | Reached skill level 5 in Ice Magic
  2540 | D:4      | Reached skill level 5 in Air Magic
  2540 | D:4      | Reached skill level 5 in Earth Magic
  2540 | D:4      | Reached skill level 5 in Poison Magic
  2792 | D:4      | Reached XP level 7. HP: 17/50 MP: 0/0
  2792 | D:4      | Learned a level 3 spell: Frozen Ramparts
  2796 | D:4      | Found a glowing drain.
  2806 | Sewer    | Entered a sewer
  3557 | Sewer    | Noticed Grinder
  3582 | Sewer    | Killed Grinder
  3583 | Sewer    | Reached XP level 8. HP: 34/58 MP: 0/0
  3679 | Sewer    | Identified the +4 sling of Offence {antimagic, rN+ Dex+3
                  | Stlth+}
  4327 | Temple   | Became a worshipper of Dithmenos the Shadowed
  4868 | D:5      | Entered Level 5 of the Dungeon
  4892 | D:5      | Reached skill level 5 in Fighting
  5316 | D:5      | Reached * piety under Dithmenos
  5575 | D:5      | Reached XP level 9. HP: 9/66 MP: 0/0
  5575 | D:5      | Learned a level 3 spell: Vhi's Electric Charge
  6693 | D:6      | Noticed Edmund
  6713 | D:6      | Killed Edmund
  7256 | D:6      | Noticed Blork the orc
  7263 | D:6      | Killed Blork the orc
  7363 | D:6      | Found a stormy altar of Qazlal.
  7363 | D:6      | Found a glowing silver altar of Zin.
  7363 | D:6      | Found a white marble altar of Elyvilon.
  7375 | D:6      | Found a bloodstained altar of Trog.
  7378 | D:6      | Found a glowing golden altar of the Shining One.
  8005 | D:7      | Noticed a hornet
  8012 | D:7      | Identified the +3 falchion of the Maze {spect, Fly rPois
                  | Dex+2}
  8016 | D:7      | Killed a hornet
  8510 | D:7      | Noticed a two-headed ogre
  8518 | D:7      | Reached XP level 10. HP: 63/75 MP: 0/0
  8527 | D:7      | Killed a two-headed ogre
  8673 | D:7      | Found a broken altar of Ashenzari.
  8919 | D:8      | Noticed a rime drake
  8926 | D:8      | Reached ** piety under Dithmenos
  8934 | D:8      | Killed a rime drake
  9298 | D:8      | Found a staircase to the Lair.
  9403 | D:8      | Noticed a two-headed ogre
  9413 | D:8      | Killed a two-headed ogre
  9414 | D:8      | Reached skill level 10 in Spellcasting
  9414 | D:8      | Reached skill level 10 in Conjurations
  9414 | D:8      | Reached skill level 10 in Hexes
  9414 | D:8      | Reached skill level 10 in Summonings
  9414 | D:8      | Reached skill level 10 in Necromancy
  9414 | D:8      | Reached skill level 10 in Translocations
  9414 | D:8      | Reached skill level 10 in Transmutations
  9414 | D:8      | Reached skill level 10 in Fire Magic
  9414 | D:8      | Reached skill level 10 in Ice Magic
  9414 | D:8      | Reached skill level 10 in Air Magic
  9414 | D:8      | Reached skill level 10 in Earth Magic
  9414 | D:8      | Reached skill level 10 in Poison Magic
 10020 | D:8      | Upgraded the game from 0.31-a0-263-ge8cad7f256 to
                  | 0.31-a0-460-g9e667d4245
 10102 | D:9      | Reached XP level 11. HP: 58/84 MP: 0/0
 10102 | D:9      | Learned a level 5 spell: Alistair's Intoxication
 10889 | D:9      | Found a hide-covered altar of Uskayaw.
 11022 | D:9      | Found a sparkling altar of Nemelex Xobeh.
 11167 | D:10     | Entered Level 10 of the Dungeon
 12008 | Lair:1   | Entered Level 1 of the Lair of Beasts
 12027 | Lair:1   | Slain by a komodo dragon

Illustrated notes

Levels and vault maps discovered:
D:1:      onia_arrival_handbag, layout_basic, minivault_23, minmay_tall_x
D:2:      layout_basic, dreamdust_mushroom_princess, minmay_rat_gold_closets
D:3:      layout_rooms, lemuel_crystal_altar,
          dilly_ecumenical_altar_fadedgnrine, feat_on_display
D:4:      layout_loops_ring, temple_green, lightli_sewer_entry_pipes,
          serial_bayou, serial_bayou_ford_a, serial_bayou_pond_d,
          serial_bayou_shore_b, serial_bayou_shore_a, grunt_decor_mini_mirrors
D:5:      layout_basic, grunt_ministairs_10, kennysheep_decorative_pillar,
          glass_columns_b, corexii_item_surrounded_by_moat, serial_bayou_pond_c
D:6:      layout_loops_corners, minmay_overflow_temple_star_hex,
          minmay_misc_feat_square, uniq_edmund, uniq_blork_the_orc
D:7:      layout_loops_corners, mainiacjoe_overflow_alcove_4
D:8:      layout_loops_ring, hellmonk_lair_entry_icy, st_stairs_13
D:9:      layout_cross, mainiacjoe_overflow_24_doors, general_overflow_altar
D:10:     layout_roguey, kiku_gazebo_garden_becter, amethyst_killhole,
          st_stairs_12
Temple:   minmay_temple_forest_path
Lair:1:   layout_cave_shapes, chequers_serial_rivers_micro_c, uniq_nergalle

Skill      XL: |  1  2  3  4  5  6  7  8  9 10 11 |
---------------+----------------------------------+-----
Fighting       | 1 2 3 4 5 7 9 |  9.8
Spellcasting   | 4 5 6 7 8 10 11 | 11.0
Conjurations   | 4 5 6 7 8 10 11 | 11.0
Hexes          | 4 5 6 7 8 10 11 | 11.0
Summonings     | 4 5 6 7 8 10 11 | 11.0
Necromancy     | 4 5 6 7 8 10 11 | 11.0
Translocations | 4 5 6 7 8 10 11 | 11.0
Transmutations | 4 5 6 7 8 10 11 | 11.0
Fire Magic     | 4 5 6 7 8 10 11 | 11.0
Ice Magic      | 4 5 6 7 8 10 11 | 11.0
Air Magic      | 4 5 6 7 8 10 11 | 11.0
Earth Magic    | 4 5 6 7 8 10 11 | 11.0
Poison Magic   | 4 5 6 7 8 10 11 | 11.0
Dodging        | |  2.1
Stealth        | |  1.5

Action                     |  1- 3 |  4- 6 |  7- 9 | 10-12 || total
---------------------------+-------+-------+-------+-------++-------
  Melee: War axe           |     1 |     1 |       |       ||     2
         Sling             |       |       |     4 |     1 ||     5
   Fire: Sling             |       |       |     8 |       ||     8
   Cast: Magic Dart        |    76 |    31 |    75 |    19 ||   201
         Searing Ray       |     1 |    22 |    50 |     7 ||    80
         Iskenderun's Myst |       |       |    33 |    69 ||   102
         Shock             |       |       |    21 |    24 ||    45
         Vhi's Electric Ch |       |       |     4 |     1 ||     5
         Fulminant Prism   |       |       |     2 |     5 ||     7
         Frozen Ramparts   |       |       |     1 |     2 ||     3
 Armour: Robe              |     3 |     2 |    15 |       ||    20
         Leather armour    |       |       |       |    11 ||    11
  Dodge: Dodged            |     6 |    15 |    33 |    48 ||   102

Table legend: (Time is in decaauts)
 A = Elapsed time spent in this place.
 B = Non-inter-level travel time spent in this place.
 C = Inter-level travel time spent in this place.
 D = Time resting spent in this place.
 E = Time spent auto-exploring this place.
 F = Levels seen in this place.
 G = Mean time per level.
                   A        B        C        D        E       F      G
               +--------+--------+--------+--------+--------+-----+--------+
         Total |  12036 |  11534 |    502 |    864 |   8775 |  13 |  925.8 |
       Dungeon |  10539 |  10076 |    463 |    564 |   7990 |  10 | 1053.9 |
        Temple |    379 |    340 |     39 |      0 |    323 |   1 |  379.0 |
          Lair |     18 |     18 |      0 |      0 |      0 |   1 |   18.0 |
         Sewer |   1098 |   1098 |      0 |    300 |    462 |   1 | 1098.0 |
               +--------+--------+--------+--------+--------+-----+--------+

Top non-repeatable levels by time:
     D:6: 1654 daAuts
     D:8: 1511 daAuts
     D:7: 1255 daAuts
     D:5: 1142 daAuts
   Sewer: 1098 daAuts
     D:4: 1016 daAuts
     D:1: 935 daAuts
     D:9: 813 daAuts
    D:10: 767 daAuts
     D:2: 750 daAuts
     D:3: 691 daAuts
  Temple: 379 daAuts
  Lair:1: 18 daAuts
